AoeStats
← AxingQuestions

Arabia

507177923Analyzed
4v4 RM · 15d ago on Sep 17, 2026· 34m 13s· 8 players
Game mode
Random Map
Map size
Large (8 player)
Population
200
Speed
Normal
Resources
Standard
Victory
Conquest
Starting age
Dark Age
Ending age
Imperial Age
RankedLock teamsTeams togetherTeam positionsShared explorationLock speedFull tech treeHidden civsTurbo modeCheats
Victory
Defeat
🇵🇪 Britons · Peru
1348
+14
🇦🇹 Dravidians · Austria
1345
+14
🇵🇪 Franks · Peru
1256
+18
🇺🇸 Vikings · United States
1234
+19
🇦🇷 Ethiopians · Argentina
1424
-21
🇻🇪 Magyars · Venezuela
1325
-17
🇺🇸 Tupi · United States
1314
-17
🇪🇨 Persians · Ecuador
1152
-10
genghis bong
6:37 Loom
9:23 Feudal Age
10:12 Double-Bit Axe
11:00 Horse Collar
13:40 Fletching
16:58 Padded Archer Armor
19:59 Gold Mining
23:50 Castle Age
22:57 Wheelbarrow
24:00 Crossbowman
25:07 Squires
26:42 Bodkin Arrow
27:15 Hand Cart
27:22 Hand Cart
26:52 Town Watch
Nelware1
5:04 Loom
9:47 Feudal Age
17:23 Castle Age
17:06 Double-Bit Axe
23:10 Wheelbarrow
25:10 Gold Mining
25:38 Bow Saw
26:18 Horse Collar
31:59 Gold Shaft Mining
31:37 Heavy Plow
34:47 Scale Barding Armor
34:53 Forging
Potro Occidental
7:03 Loom
9:12 Feudal Age
10:03 Double-Bit Axe
10:21 Horse Collar
19:28 Bloodlines
20:00 Scale Barding Armor
21:16 Wheelbarrow
23:28 Castle Age
24:50 Bow Saw
25:09 Chain Barding Armor
26:46 Gold Mining
Hao_Arg
5:42 Loom
9:15 Feudal Age
9:18 Man-at-Arms
15:33 Fletching
20:41 Double-Bit Axe
24:40 Castle Age
23:03 Gold Mining
23:12 Horse Collar
23:37 Padded Archer Armor
25:19 Bodkin Arrow
24:45 Crossbowman
27:02 Ballistics
AxingQuestions
2:44 Loom
10:42 Feudal Age
11:16 Double-Bit Axe
11:23 Gold Mining
13:21 Town Watch
14:36 Fletching
18:03 Horse Collar
19:34 Padded Archer Armor
26:34 Castle Age
26:37 Crossbowman
27:19 Bodkin Arrow
27:39 Leather Archer Armor
28:05 Gold Shaft Mining
28:06 Bow Saw
28:05 Heavy Plow
28:53 Pikeman
33:06 Squires
alexfca0828
8:03 Loom
10:15 Feudal Age
10:54 Double-Bit Axe
20:45 Castle Age
19:03 Gold Mining
20:56 Forging
20:54 Scale Barding Armor
26:41 Iron Casting
27:59 Chain Barding Armor
27:42 Husbandry
34:10 Wheelbarrow
da.mighty.sloth
6:26 Loom
9:21 Feudal Age
9:53 Double-Bit Axe
9:51 Horse Collar
20:30 Castle Age
20:00 Fletching
21:25 Bodkin Arrow
22:00 Husbandry
22:08 Thumb Ring
24:32 Padded Archer Armor
27:31 Wheelbarrow
27:11 Bow Saw
30:36 Heavy Plow
32:21 Leather Archer Armor
tomitom
7:14 Loom
9:41 Feudal Age
11:44 Double-Bit Axe
13:00 Fletching
23:04 Castle Age
21:06 Horse Collar
23:40 Bodkin Arrow
23:06 Crossbowman
24:33 Bow Saw
25:59 Ballistics
31:01 Wheelbarrow
34:19 Heavy Plow
Connection lost

Rejoining the realm…

Still unreachable

The connection could not be restored.

Session expired

The server has moved on; the page needs a fresh start.